 Dungeon Crawl Stone Soup version 0.24-a0-275-g6f7e2cb (webtiles) character file.

Game seed: 8547210252201369168

5168 silenth the Basher (level 10, -10/91 HPs)
             Began as a Minotaur Fighter on Apr 27, 2019.
             Was a Believer of Fedhas.
             Mangled by a gnoll sergeant
             ... wielding a +2 vampiric spear
              (13 damage)
             ... on level 8 of the Dungeon.
             The game lasted 00:13:34 (7191 turns).

silenth the Basher (Minotaur Fighter)               Turns: 7191, Time: 00:13:34

Health: -10/91     AC:  4    Str: 20    XL:     10   Next: 34%
Magic:  11/11      EV: 15    Int:  5    God:    Fedhas [**....]
Gold:   494        SH: 13    Dex: 15    Spells: 7/9 levels left

rFire    . . .     SeeInvis +   a - +4 mace (freeze)
rCold    . . .     Gourm    .   d - +3 buckler of the Spheres {rN+ Str-4 Dex+3 SInv}
rNeg     + . .     Faith    .   y - +0 troll leather armour {Purgy}
rPois    .         Spirit   .   u - +0 hat
rElec    .         Reflect  +   D - scarf {repulsion}
rCorr    .         Harm     .   (no gloves)
MR       .....                  (no boots)
Stlth    +.........             s - +4 amulet of reflection
HPRegen  0.65/turn              (no ring)
MPRegen  0.12/turn              H - +2 ring of strength

@: lethally poisoned (-10 -> -10), very slightly contaminated, invisible, repel
missiles
A: retaliatory headbutt, horns 2
a: Fungal Bloom, Sunlight, Evolution, Renounce Religion


You were on level 8 of the Dungeon.
You worshipped Fedhas.
Fedhas was pleased with you.
You were not hungry.

You visited 1 branch of the dungeon, and saw 8 of its levels.
You also visited: Sewer.

You collected 494 gold pieces.

Inventory:

Hand Weapons
 a - a +4 mace of freezing (weapon)
 q - a +0 flail
Missiles
 h - 7 tomahawks (quivered)
 G - 3 javelins
Armour
 b - a +0 scale mail
 c - a +0 shield
 d - the +3 buckler of the Spheres (worn) {rN+ Str-4 Dex+3 SInv}
   (You found it on level 7 of the Dungeon)

   It affects your strength (-4).
   It affects your dexterity (+3).
   It protects you from negative energy.
   It lets you see invisible.
 u - a +0 hat (worn)
 y - a +0 troll leather armour (worn) {Purgy}
 D - a scarf of repulsion (worn)
Jewellery
 s - a +4 amulet of reflection (around neck)
 v - an uncursed amulet of the gourmand
 E - an uncursed ring of resist corrosion
 F - an uncursed ring of wizardry
 H - a +2 ring of strength (right hand)
Wands
 t - a wand of acid (7)
 J - a wand of flame (26)
Scrolls
 f - 2 scrolls of immolation
 j - 3 scrolls of amnesia
 o - 4 scrolls of fog
 r - 3 scrolls of remove curse
 x - 11 scrolls of teleportation
 A - a scroll of fear
 C - a scroll of blinking
Potions
 g - a potion of lignification
 k - 4 potions of flight
 l - 3 potions of heal wounds {unknown}
 m - 3 potions of agility
 n - 3 potions of magic
 p - 8 potions of curing
 w - a potion of resistance
 z - a potion of haste
 B - a potion of brilliance
 K - a potion of ambrosia {unknown}
 L - 3 potions of degeneration {unknown}
Comestibles
 e - 21 rations
 i - 2 chunks of flesh


   Skills:
 + Level 9.5 Fighting
 * Level 12.4 Maces & Flails
 - Level 3.6 Armour
 + Level 5.7 Dodging
 - Level 6.4 Shields
 + Level 3.9 Invocations
 - Level 2.1 Evocations


You had 7 spell levels left.
You knew the following spells:

 Your Spells              Type           Power        Failure   Level  Hunger
a - Blink                 Tloc           N/A          67%         2    ###....

Your spell library contained the following spells:

 Spells                   Type           Power        Failure   Level  Hunger
 Beastly Appendage        Tmut           #.....       52%         1    ##.....
 Corona                   Hex            #......      52%         1    ##.....
 Magic Dart               Conj           #...         52%         1    ##.....
 Call Imp                 Summ           #.......     67%         2    ###....
 Ensorcelled Hibernation  Hex/Ice        #.....       67%         2    ###....
 Slow                     Hex            #.......     67%         2    ###....
 Sticks to Snakes         Tmut           #.......     67%         2    ###....
 Confuse                  Hex            #.......     88%         3    ####...
 Conjure Flame            Conj/Fire      #.......     88%         3    ####...
 Dazzling Spray           Conj/Hex       #.....       88%         3    ####...
 Mephitic Cloud           Conj/Pois/Air  #.......     88%         3    ####...
 Spider Form              Tmut/Pois      #.........   88%         3    ####...
 Tukima's Dance           Hex            #.......     88%         3    ####...
 Ice Form                 Ice/Tmut       #.......     99%         4    #####..
 Blade Hands              Tmut           #.........   100%        5    ######.


Dungeon Overview and Level Annotations

Branches:
Dungeon (8/15)             Temple (0/1) D:7
   Lair: D:8-11

Altars:
Fedhas
Hepliaklqana
Okawaru
Qazlal
Vehumet
Wu Jian
Yredelemnul

Shops:
D:6 %

Annotations:
D:8 1 transporter, strifetoe's ghost, novice OpAs


Innate Abilities, Weirdness & Mutations

You reflexively headbutt those who attack you in melee.
You have a pair of horns on your head.


Message History

You headbutt the gnoll shaman!
The gnoll shaman is severely wounded.
You feel sick.
You thump the gnoll shaman! You freeze the gnoll shaman.
You kill the gnoll shaman!
You hit the gnoll sergeant but do no damage.
You headbutt the gnoll sergeant, but do no damage.
You feel sick. The gnoll sergeant closely misses you.
You sock the gnoll sergeant! You freeze the gnoll sergeant.
You headbutt the gnoll sergeant.
The gnoll sergeant is severely wounded.
The gnoll sergeant misses you.
You hit the gnoll sergeant. You freeze the gnoll sergeant.
The gnoll sergeant is almost dead.
You feel sick. The gnoll sergeant misses you.
The gnoll zaps a wand.
You are blasted!
* * * LOW HITPOINT WARNING * * *
The gnoll sergeant hits you with a +2 vampiric spear!
You die...
Fedhas appreciates your contribution to the ecosystem.

#..≈≈≈≈≈≈≈≈≈≈≈≈≈≈≈≈≈≈≈≈≈≈≈≈≈..
#..≈≈≈≈≈≈≈≈≈≈≈≈≈≈≈≈≈≈≈≈≈≈≈≈≈..
#..≈≈▒▒▒▒▒...........▒▒▒▒▒≈≈.#
#..≈≈▒...▒.▒▒▒.©.▒▒▒.▒...▒≈≈..
#..≈≈▒...▒▒▒.▒▒▒▒▒.▒▒▒..g▒≈≈..
#..≈≈▒▒▒...............▒▒▒≈≈..
##.≈≈.8▒.▒▒▒▒▒▒'▒▒▒▒▒▒.▒8.≈≈.#
#.≈≈.▒▒.▒.⌠P▒g.8▒...▒.▒▒.≈≈..
#.≈≈.▒..'..g@g©⌠▒g.g'.h▒.≈≈..
#.≈≈.▒▒.▒.⌠.▒).8▒Wg.▒.▒▒.≈≈..
#.≈≈.8▒.▒▒▒▒▒▒g▒▒▒▒▒▒.▒8.≈≈..
#.≈≈▒▒▒........g......▒▒▒≈≈.#
#.≈≈▒...▒▒▒.▒▒▒▒▒©▒▒▒...▒≈≈..
#.≈≈▒...▒.▒▒▒.©.▒▒▒.▒g.g▒≈≈..
#.≈≈▒▒▒▒▒...........▒▒▒▒▒≈≈..
#.≈≈≈≈≈≈≈≈≈≈≈...≈≈≈≈≈≈≈≈≈≈≈..
#.≈≈≈≈≈≈≈≈≈≈≈...≈≈≈≈≈≈≈≈≈≈≈..


You could see 2 gnoll sergeants and 3 gnolls.

Vanquished Creatures
  The ghost of Dipylidium the Frost Mage, a novice GnWn of Wu Jian (D:7)
  The ghost of hellotanjent the Blocker, a novice GrFi of Ashenzari (D:7)
  3 hippogriffs
  Grum (D:8)
  A hungry ghost (D:8)
  3 ice beasts
  7 phantoms
  Purgy (Sewer)
  2 sky beasts
  5 ogres
  A wolf (D:8)
  2 centaurs
  A big kobold (D:8)
  3 bullfrogs
  2 howler monkeys
  4 crimson imps
  A centaur zombie (D:7)
  A hound (D:6)
  A bullfrog skeleton (D:4)
  5 orc wizards
  2 orc priests
  A gnoll shaman (D:8)
  3 centaur skeletons
  An iguana (D:7)
  7 worker ants
  A hound zombie (D:6)
  A hound skeleton (D:5)
  A howler monkey zombie (D:8)
  A howler monkey skeleton (D:4)
  10 adders
  12 gnolls
  A river rat (D:5)
  3 shadow imps
  2 oozes
  3 worms
  7 leopard geckos
  26 orcs
  4 giant cockroaches
  2 gnoll zombies (D:2)
  13 goblins
  11 hobgoblins
  3 jackals (D:1)
  19 kobolds
  6 quokkas
  6 ball pythons
  A ball python skeleton (D:5)
  4 bats
  6 frilled lizards
  A leopard gecko skeleton (D:5)
  6 rats
210 creatures vanquished.

Vanquished Creatures (others)
  6 plants (D:8)
  39 toadstools
45 creatures vanquished.

Grand Total: 255 creatures vanquished

Notes
Turn   | Place    | Note
-------+----------+-------------------------------------------
     0 | D:1      | silenth the Minotaur Fighter began the quest for the Orb.
     0 | D:1      | Reached XP level 1. HP: 19/19 MP: 0/0
   101 | D:1      | Reached skill level 3 in Maces & Flails
   101 | D:1      | Reached XP level 2. HP: 24/27 MP: 1/1
   282 | D:1      | Reached skill level 4 in Fighting
   768 | D:2      | Reached XP level 3. HP: 10/33 MP: 2/2
  1013 | D:2      | Reached skill level 4 in Maces & Flails
  1033 | D:2      | Found a basalt altar of Yredelemnul.
  1125 | D:2      | Found a blossoming altar of Fedhas.
  1138 | D:2      | Became a worshipper of Fedhas Madash
  1290 | D:2      | Reached XP level 4. HP: 39/41 MP: 3/3
  1338 | D:2      | Found a faded altar of an unknown god.
  2560 | D:4      | Noticed an ogre
  2563 | D:4      | Killed an ogre
  2563 | D:4      | Reached skill level 5 in Maces & Flails
  2563 | D:4      | Reached skill level 1 in Invocations
  2563 | D:4      | Reached XP level 5. HP: 47/47 MP: 3/5
  2671 | D:4      | Reached skill level 5 in Fighting
  2959 | D:4      | Reached XP level 6. HP: 40/56 MP: 6/6
  3039 | D:4      | Found a stormy altar of Qazlal.
  3054 | D:4      | Reached skill level 6 in Maces & Flails
  3054 | D:4      | Reached skill level 2 in Invocations
  3054 | D:4      | Reached skill level 1 in Evocations
  3595 | D:5      | Entered Level 5 of the Dungeon
  3642 | D:5      | Reached XP level 7. HP: 58/62 MP: 7/7
  3665 | D:5      | Found an ornate altar of the Wu Jian Council.
  3687 | D:5      | Reached skill level 7 in Maces & Flails
  3687 | D:5      | Reached skill level 2 in Evocations
  3786 | D:5      | Reached skill level 6 in Fighting
  3786 | D:5      | Reached skill level 3 in Invocations
  3798 | D:5      | Found a glowing drain.
  3986 | Sewer    | Entered a sewer
  4046 | Sewer    | Noticed Purgy
  4054 | Sewer    | Killed Purgy
  4081 | D:5      | Reached * piety under Fedhas
  4245 | D:5      | Reached skill level 8 in Maces & Flails
  4367 | D:5      | Reached XP level 8. HP: 25/71 MP: 9/9
  4503 | D:5      | Reached skill level 1 in Dodging
  4619 | D:6      | Reached skill level 4 in Shields
  4736 | D:6      | Reached skill level 7 in Fighting
  4736 | D:6      | Reached skill level 9 in Maces & Flails
  4736 | D:6      | Reached skill level 2 in Dodging
  4825 | D:6      | Found Asos's Food Boutique.
  5058 | D:6      | Reached skill level 5 in Shields
  5151 | D:6      | Learned a level 2 spell: Blink
  5444 | D:7      | Reached skill level 3 in Dodging
  5447 | D:7      | Found a radiant altar of Vehumet.
  5494 | D:7      | Found a hazy altar of Hepliaklqana.
  5542 | D:7      | Found a runed translucent gate.
  5543 | D:7      | Found a runed translucent gate.
  5544 | D:7      | Found a runed translucent gate.
  5545 | D:7      | Noticed hellotanjent's ghost (novice GrFi)
  5546 | D:7      | Noticed Dipylidium's ghost (novice GnWn)
  5567 | D:7      | Killed Dipylidium's ghost
  5567 | D:7      | Reached skill level 8 in Fighting
  5567 | D:7      | Reached skill level 10 in Maces & Flails
  5567 | D:7      | Reached skill level 4 in Dodging
  5567 | D:7      | Reached XP level 9. HP: 38/81 MP: 10/10
  5571 | D:7      | Killed hellotanjent's ghost
  5571 | D:7      | Reached skill level 6 in Shields
  5582 | D:7      | Got a bloodstained buckler
  5602 | D:7      | Identified the +3 buckler of the Spheres {rN+ Str-4 Dex+3
                  | SInv} (You found it on level 7 of the Dungeon)
  5626 | D:7      | Reached skill level 11 in Maces & Flails
  5660 | D:7      | Found a staircase to the Ecumenical Temple.
  5949 | D:7      | Reached ** piety under Fedhas
  6054 | D:7      | Found an iron altar of Okawaru.
  6388 | D:8      | Reached skill level 9 in Fighting
  6426 | D:8      | Reached skill level 5 in Dodging
  6476 | D:8      | Reached XP level 10. HP: 91/91 MP: 11/11
  6724 | D:8      | Reached skill level 12 in Maces & Flails
  6811 | D:8      | Identified the ring of Pyetzag {Fire Slay+4}
  6818 | D:8      | Identified the +1 scale mail of Nucaiwi {rC+ rN+ rCorr
                  | Str-4}
  6818 | D:8      | Noticed Grum
  6880 | D:8      | Found a transporter.
  6880 | D:8      | Identified the ring "Pylo" {rPois MP+9 Dex+2 Stlth+}
  6885 | D:8      | Found a transporter.
  6893 | D:8      | Noticed strifetoe's ghost (novice OpAs)
  7169 | D:8      | Killed Grum
  7191 | D:8      | HP: 3/91 [disintegration (16)]
  7191 | D:8      | Mangled by a gnoll sergeant

Levels and vault maps discovered:
D:1:      psy_arrival_whirlpool, layout_loops_ring,
          chequers_serial_rivers_small_b
D:2:      layout_loops_cross, overflow_temple_1_default,
          lemuel_zombie_altar_yredelemnul, chequers_ecumenical_altar_island,
          minivault_19, minmay_pentomino_z4
D:3:      layout_loops_corners
D:4:      layout_loops_ring, grunt_qazlal_sundering
D:5:      layout_cave_pools, old_standard_altar, gup_sewer_entry_bowl,
          first_ration
D:6:      layout_cave_pools, serial_shops, nicolae_shop_trees, sigmund_army
D:7:      corexii_shantytown, layout_loops_ring, lemuel_doored_altar,
          nicolae_overflow_hidden_temple, minmay_temple_entry_offerings,
          basic_altar, gammafunk_ghost_cemetery
D:8:      layout_gridville, gammafunk_ghost_gnarly_gnolls, blue_anna_alchemist
          [blue_anna_fruit_fields, blue_anna_fruit_fields]

Skill      XL: |  1  2  3  4  5  6  7  8  9 10 |
---------------+-------------------------------+-----
Maces & Flails | 3 4 5 6 8 10 11 12 | 12.4
Fighting       | 4 5 6 8 9 |  9.5
Invocations    | 1 2 3 |  3.9
Evocations     | 1 2 |  2.1
Dodging        | 4 5 |  5.7
Shields        | 5 6 |  6.4
Armour         | |  3.6

Action                   |  1- 3 |  4- 6 |  7- 9 | 10-12 || total
-------------------------+-------+-------+-------+-------++-------
Melee: Flail             |    85 |   118 |    12 |       ||   215
       Headbutt          |    12 |    14 |    58 |    29 ||   113
       Mace              |       |       |   311 |    99 ||   410
Throw: Tomahawk          |       |     1 |       |       ||     1
Invok: Fungal Bloom      |     1 |     1 |     8 |     3 ||    13
Evoke: Wand              |       |     2 |     2 |       ||     4
  Use: Scroll            |       |    11 |     6 |       ||    17
       Potion            |       |       |     2 |     1 ||     3
 Stab: Invisible         |       |       |       |     1 ||     1
  Eat: Chunk             |     1 |     7 |     7 |     4 ||    19
       Ration            |       |       |     1 |       ||     1
Armor: Scale mail        |    34 |    35 |     8 |       ||    77
       Troll leather arm |       |       |    21 |     5 ||    26
Dodge: Dodged            |    24 |    22 |    85 |    41 ||   172
       Deflected         |       |       |     2 |       ||     2
Block: Shield            |    55 |    79 |   155 |       ||   289
       Reflection        |     1 |       |    10 |     1 ||    12
       Buckler           |       |       |    73 |    59 ||   132

Table legend:
 A = Non-vault XP
 B = Vault XP
 C = Vault XP percentage of total XP
 D = Non-vault monster count
 E = Vault monster count
 F = Vault count percentage of total count
                 A         B        C        D         E       F
            +---------+---------+-------+---------+---------+-------
      Total |    5167 |    2217 |  30.0 |     152 |      58 |  27.6
            +---------+---------+-------+---------+---------+-------
        D:1 |      35 |       0 |   0.0 |      19 |       0 |   0.0
        D:2 |      75 |       9 |  10.7 |      22 |       6 |  21.4
        D:3 |      20 |       0 |   0.0 |      10 |       0 |   0.0
        D:4 |     551 |       0 |   0.0 |      16 |       0 |   0.0
        D:5 |     768 |      22 |   2.8 |      23 |       4 |  14.8
        D:6 |     828 |      15 |   1.8 |      22 |       5 |  18.5
        D:7 |    1044 |    1520 |  59.3 |      18 |      28 |  60.9
        D:8 |    1846 |     516 |  21.8 |      22 |       9 |  29.0
      Sewer |       0 |     135 | 100.0 |       0 |       6 | 100.0
            +---------+---------+-------+---------+---------+-------
